 Seeded DCSS version 0.28-a0-794-gafe8c5f9e9 (webtiles) character file.

Game seed: 20211125 (custom seed)

100 a11behringer the Cudgeller (level 4, -3/39 HPs)
             Began as a Palentonga Berserker on Nov 6, 2021.
             Was a Believer of Trog.
             Slain by Natasha (8 damage)
             ... on level 2 of the Dungeon.
             The game lasted 00:04:54 (1075 turns).

a11behringer the Cudgeller (Palentonga Berserker)   Turns: 1075, Time: 00:04:56

Health: -3/39      AC:  4    Str: 20    XL:     4   Next: 46%
Magic:  13/13      EV: 10    Int:  7    God:    Trog [**....]
Gold:   39         SH:  0    Dex: 11    Spells: 3/3 levels left

rFire   . . .      SeeInvis +   a - +0 mace
rCold   . . .      Faith    .   (no shield)
rNeg    . . .      Spirit   .   b - +0 animal skin
rPois   +          Reflect  .   (no helmet)
rElec   .          Harm     .   (no cloak)
rCorr   .          Rampage  .   (no gloves)
Will    ++...                   (no barding)
Stlth   +.........              (no amulet)
HPRegen 1.13/turn               d - ring of poison resistance
MPRegen 0.13/turn               f - ring of magical power

@: strong-willed, regenerating
A: large, rugged brown scales 3, see invisible, deformed body, roll 1, armoured
tail
a: Rolling Charge, Renounce Religion, Berserk, Trog's Hand


You were on level 2 of the Dungeon.
You worshipped Trog.
Trog was pleased with you.
You visited 1 branch of the dungeon, and saw 2 of its levels.

You collected 39 gold pieces.

Inventory:

Hand Weapons
 a - a +0 mace (weapon)
Missiles
 h - 6 boomerangs
Armour
 b - a +0 animal skin (worn)
Jewellery
 d - a ring of poison resistance (left hand)
 f - a ring of magical power (right hand)
Potions
 c - 2 potions of flight {unknown}
 g - 2 potions of attraction {unknown}


   Skills:
 + Level 3.7 Fighting
 * Level 4.5 Maces & Flails
 + Level 1.6 Armour
 + Level 1.9 Dodging


You had 3 spell levels left.
You didn't know any spells.
Your spell library was empty.

Dungeon Overview and Level Annotations

Branches:
Dungeon (2/15)

Altars:

Annotations:
D:2 Natasha


Innate Abilities, Weirdness & Mutations

You are completely covered in rugged brown scales. (AC +3, +7% HP)
You have supernaturally acute eyesight. (SInv)
Armour fits poorly on your strangely shaped body.
You can roll at nearby foes to attack.
You have a long armoured tail.


Message History

The ball python closely misses you. The howler monkey hits you.
Natasha mumbles some strange words.
Natasha glows brightly for a moment.
The ball python bites you.
The crimson imp blinks!
You barely miss the howler monkey.
The howler monkey is almost dead.
The howler monkey hoots and howls with incredible vigour!
The ball python bites you.
* * * LOW HITPOINT WARNING * * *
You hear a shout!
You thump the howler monkey!
You kill the howler monkey!
Trog accepts your kill. The ball python completely misses you.
Natasha claws you.
* * * LOW HITPOINT WARNING * * *
The ball python bites you.
* * * LOW HITPOINT WARNING * * *
You have reached level 4!
You feel agile.
Your skin crawls.
You feel strong-willed. Natasha claws you.
* * * LOW HITPOINT WARNING * * *
The ball python bites you but does no damage.
As you read the scroll labelled OKO POLEJU, it crumbles to dust.
It is a scroll of amnesia.
You feel forgetful for a moment. The ball python closely misses you.
Natasha barely misses you.
You hit Natasha.
Natasha is moderately wounded.
The ball python bites you but does no damage.
Natasha claws you.
* * * LOW HITPOINT WARNING * * *
You closely miss Natasha.
Natasha is moderately wounded.
The ball python completely misses you.
The crimson imp blinks!
Natasha howls an incantation.
You feel troubled. Natasha claws you!
You die...

#.# #.#..#
#.#
#.#..###
#.#
#.#....
#.# #.##.#
#.# #....#
#.###.####
#.#..5#
#.#S#
#.#@# #
#h# 5S#
...# ...##
.#.# ..#.
.# #.


You could see Natasha, an adder, a white imp (summoned), a shadow imp (summoned)
and a ball python.

Vanquished Creatures
  A howler monkey (D:2)
  2 adders (D:2)
  3 dart slugs (D:1)
  4 ball pythons (D:1)
  4 bats
  5 endoplasms (D:1)
  A giant cockroach (D:1)
  A hobgoblin (D:1)
  4 jackals (D:1)
  2 quokkas
  3 frilled lizards
  2 goblins (D:1)
  3 kobolds
  2 rats (D:1)
37 creatures vanquished.

Notes
Turn   | Place    | Note
-------+----------+-------------------------------------------
     0 | D:1      | a11behringer the Palentonga Berserker began the quest for
                  | the Orb.
     0 | D:1      | Reached XP level 1. HP: 19/19 MP: 1/1
   133 | D:1      | Reached XP level 2. HP: 25/25 MP: 2/2
   464 | D:1      | Reached ** piety under Trog
   465 | D:1      | Reached XP level 3. HP: 31/31 MP: 3/3
   854 | D:2      | Found a faded altar of an unknown god.
   869 | D:2      | Reached skill level 4 in Maces & Flails
  1063 | D:2      | Noticed Natasha
  1072 | D:2      | Reached XP level 4. HP: 6/39 MP: 4/4
  1075 | D:2      | Slain by Natasha

Illustrated notes

Levels and vault maps discovered:
D:1:      doesnt_arrival_eight_statues, layout_basic
D:2:      minmay_door_path, layout_loops_ring,
          hellmonk_ecumenical_altar_pennies_from_heaven,
          uniq_crazy_yiuf_cottage, uniq_natasha

Skill      XL: |  1  2  3 |
---------------+----------+-----
Maces & Flails | 4 |  4.5
Fighting       | |  3.7
Armour         | |  1.6
Dodging        | |  1.9

Action                   |  1- 3 |  4- 6 || total
-------------------------+-------+-------++-------
Melee: Mace              |    94 |     2 ||    96
       Tailslap          |    10 |       ||    10
Invok: Berserk           |     1 |       ||     1
       Trog's Hand       |       |     1 ||     1
 Abil: Rolling Charge    |     5 |       ||     5
  Use: Scroll            |     1 |     1 ||     2
 Stab: Sleeping          |     2 |       ||     2
Armor: Animal skin       |    68 |     2 ||    70
Dodge: Dodged            |    64 |     3 ||    67

Table legend: (Time is in decaauts)
 A = Elapsed time spent in this place.
 B = Non-inter-level travel time spent in this place.
 C = Inter-level travel time spent in this place.
 D = Time resting spent in this place.
 E = Time spent auto-exploring this place.
 F = Levels seen in this place.
 G = Mean time per level.
                   A        B        C        D        E       F      G
               +--------+--------+--------+--------+--------+-----+--------+
         Total |   1102 |    959 |    143 |      0 |    713 |   2 |  551.0 |
       Dungeon |   1102 |    959 |    143 |      0 |    713 |   2 |  551.0 |
               +--------+--------+--------+--------+--------+-----+--------+

Top non-repeatable levels by time:
     D:1: 860 daAuts
     D:2: 241 daAuts
